AoeStats
← [GDL] Maldito Pantoja

Arabia

503268977Analyzed
4v4 RM · 1mo ago on Aug 30, 2026· 59m 26s· 8 players
Game mode
Random Map
Map size
Large (8 player)
Population
200
Speed
Normal
Resources
Standard
Victory
Conquest
Starting age
Dark Age
Ending age
Imperial Age
RankedLock teamsTeams togetherTeam positionsShared explorationLock speedFull tech treeHidden civsTurbo modeCheats
Victory
Defeat
🇧🇷 Shu · Brazil
1369
+13
🇲🇽 Saracens · Mexico
1347
+14
🇨🇴 Persians · Colombia
1345
+14
🇦🇷 Magyars · Argentina
1294
+16
🇦🇷 Persians · Argentina
1390
-18
🇦🇷 Britons · Argentina
1320
-15
🇵🇪 Italians · Peru
1319
-15
🇨🇴 Vietnamese · Colombia
1187
-9
Tiranosaurio
6:45 Loom
8:53 Feudal Age
14:46 Double-Bit Axe
16:14 Scale Barding Armor
21:13 Castle Age
20:04 Forging
20:18 Bloodlines
20:51 Gold Mining
20:41 Horse Collar
21:43 Husbandry
22:39 Chain Barding Armor
27:41 Wheelbarrow
26:52 Town Watch
33:44 Iron Casting
44:56 Imperial Age
43:48 Bow Saw
44:22 Gold Shaft Mining
44:22 Heavy Plow
44:13 Stone Mining
44:40 Cavalier
45:57 Plate Barding Armor
46:23 Blast Furnace
47:19 Hand Cart
48:27 Two-Man Saw
48:04 Stone Shaft Mining
48:25 Conscription
48:21 Savar
52:14 Chemistry
52:27 Light Cavalry
53:48 Town Patrol
57:38 Coinage
57:08 Caravan
57:24 Guilds
ZEAN430
6:56 Loom
9:13 Feudal Age
11:01 Double-Bit Axe
14:54 Fletching
15:04 Padded Archer Armor
20:10 Wheelbarrow
28:29 Castle Age
26:48 Gold Mining
29:05 Bodkin Arrow
29:26 Leather Archer Armor
29:03 Crossbowman
38:36 Ballistics
41:14 Thumb Ring
48:43 Imperial Age
Elconque2k
6:33 Loom
9:21 Feudal Age
12:51 Fletching
15:30 Double-Bit Axe
16:27 Padded Archer Armor
26:15 Castle Age
24:32 Gold Mining
26:35 Crossbowman
27:13 Bodkin Arrow
28:02 Leather Archer Armor
32:38 Ballistics
42:44 Imperial Age
44:29 Chemistry
42:52 Arbalester
43:36 Bracer
45:53 Wheelbarrow
45:56 Ring Archer Armor
46:47 Chemistry
52:24 Hand Cart
55:48 Scale Mail Armor
sagoro1
7:31 Loom
9:55 Feudal Age
10:59 Double-Bit Axe
11:35 Horse Collar
15:18 Bloodlines
19:52 Scale Barding Armor
20:48 Forging
21:44 Horse Collar
27:47 Wheelbarrow
30:28 Castle Age
31:32 Chain Barding Armor
31:15 Husbandry
32:08 Iron Casting
35:35 Iron Casting
40:03 Heavy Plow
40:13 Bow Saw
43:28 Gold Mining
43:56 Hand Cart
44:36 Fletching
46:28 Bodkin Arrow
[GDL] Maldito Pantoja
6:52 Loom
9:42 Feudal Age
12:44 Fletching
14:34 Padded Archer Armor
25:34 Castle Age
25:35 Crossbowman
26:14 Bodkin Arrow
36:47 Leather Archer Armor
43:57 Wheelbarrow
49:50 Horse Collar
49:56 Double-Bit Axe
50:04 Gold Mining
52:15 Thumb Ring
57:14 Imperial Age
Warriorz Lvl
6:25 Loom
8:51 Feudal Age
9:18 Town Watch
9:24 Double-Bit Axe
9:20 Horse Collar
16:54 Scale Barding Armor
17:34 Gold Mining
18:49 Bloodlines
25:46 Castle Age
24:34 Forging
26:40 Bow Saw
26:31 Heavy Plow
27:56 Iron Casting
29:52 Scale Mail Armor
37:52 Wheelbarrow
38:51 Chain Mail Armor
38:56 Chain Barding Armor
40:06 Hand Cart
44:06 Imperial Age
42:25 Husbandry
43:21 Gold Shaft Mining
42:36 Stone Mining
44:22 Town Patrol
44:00 Cavalier
46:10 Chemistry
45:30 Ballistics
46:40 Two-Man Saw
48:36 Plate Barding Armor
49:02 Blast Furnace
NachoRZ
4:13 Loom
4:54 Loom
9:51 Feudal Age
14:47 Double-Bit Axe
23:36 Castle Age
22:19 Scale Barding Armor
23:22 Horse Collar
24:26 Bloodlines
24:32 Bow Saw
27:48 Chain Barding Armor
31:43 Wheelbarrow
35:59 Hand Cart
38:43 Imperial Age
37:00 Gold Mining
37:17 Husbandry
39:00 Town Watch
39:52 Gold Shaft Mining
40:01 Plate Barding Armor
38:56 Cavalier
39:57 Stone Mining
42:24 Capped Ram
48:03 Conscription
49:46 Fletching
51:27 Paladin
53:32 Paladin
56:33 Two-Man Saw
Zero Lancer
7:27 Loom
11:35 Feudal Age
12:21 Double-Bit Axe
16:27 Fletching
23:02 Castle Age
21:55 Gold Mining
22:35 Horse Collar
23:39 Bodkin Arrow
23:05 Crossbowman
24:22 Thumb Ring
24:46 Bow Saw
25:28 Padded Archer Armor
26:51 Ballistics
27:23 Wheelbarrow
41:37 Imperial Age
42:18 Bracer
43:20 Chemistry
42:43 Arbalester
45:20 Leather Archer Armor
48:15 Ring Archer Armor
51:21 Hand Cart
52:50 Hoardings
51:50 Pikeman
56:32 Siege Engineers
56:46 Elite Skirmisher
58:39 Elite White Feather Guard
59:25 Scale Mail Armor
59:36 Forging
Connection lost

Rejoining the realm…

Still unreachable

The connection could not be restored.

Session expired

The server has moved on; the page needs a fresh start.